 Dungeon Crawl Stone Soup version 0.17.1-1-g73c8601 (console) character file.

468 Kloppie the Chopper (level 6, -6/48 HPs)
             Began as a Demonspawn Gladiator on Dec 30, 2015.
             Was an Initiate of Makhleb.
             Mangled by an ice beast (11 damage)
             ... on level 7 of the Dungeon.
             The game lasted 00:05:01 (2298 turns).

Kloppie the Chopper (Demonspawn Gladiator)          Turns: 2298, Time: 00:05:01

Health: -6/48      AC:  6    Str: 15    XL:     6   Next: 81%
Magic:  6/6        EV: 12    Int:  9    God:    Makhleb [......]
Gold:   224        SH:  0    Dex: 16    Spells: 0 memorised, 5 levels left

rFire  . . .     SeeInvis .     a - +0 war axe
rCold  . . .     Clarity  .     k - +0 ring mail
rNeg   . . .     SustAt   .     (no shield)
rPois  .         Gourm    .     x - +0 helmet
rElec  .         Spirit   .     (no cloak)
rCorr  .         Warding  .     (no gloves)
rMut   .         Stasis   .     (no boots)
MR     .....                    (no amulet)
Stlth  +.........               (no ring)
                                (no ring)

@: not resistant to hostile enchantments, very unstealthy
A: talons 1, spiny 1
a: Renounce Religion


You were on level 7 of the Dungeon.
You worshipped Makhleb.
Makhleb was noncommittal.
You were hungry.

You visited 1 branch of the dungeon, and saw 5 of its levels.

You collected 224 gold pieces.

Inventory:

Hand Weapons
 a - a +0 war axe (weapon)
Missiles
 d - 2 throwing nets (quivered)
Armour
 k - a +0 ring mail (worn)
 x - a +0 helmet (worn)
Wands
 r - a wand of magic darts (21)
Scrolls
 f - 2 scrolls of remove curse {unknown}
 i - a scroll of identify {unknown}
 j - 3 scrolls of fog {unknown}
 m - 2 scrolls of enchant armour {unknown}
 n - 2 scrolls of fear {unknown}
 p - a scroll of teleportation {unknown}
 q - 3 scrolls of amnesia {unknown}
 s - 2 scrolls of recharging {unknown}
 u - a scroll of blinking {unknown}
 v - a scroll of random uselessness {unknown}
 w - a scroll of magic mapping {unknown}
Potions
 c - a potion of agility {unknown}
 g - a potion of heal wounds {unknown}
 h - 8 potions of curing {unknown}
 o - a potion of might {unknown}
 t - a potion of cancellation {unknown}
Comestibles
 b - 3 slices of pizza
 e - 3 bread rations
 l - a meat ration
 z - a beef jerky


   Skills:
 + Level 4.2 Fighting
 + Level 4.6 Axes
 - Level 1.7 Throwing
 + Level 3.6 Armour
 - Level 2.6 Dodging


You had 5 spell levels left.
You didn't know any spells.

Dungeon Overview and Level Annotations

Branches:
Dungeon (7/15)
 Temple: D:4-7

Altars:
Ashenzari
Fedhas
Makhleb
Vehumet

Annotations:
D:2 exclusion: oklob plant


Innate Abilities, Weirdness & Mutations

You have sharp toenails.
You are partially covered in sharp spines.


Message History

The ice beast is struck by your spines. The ice beast barely misses you.
You closely miss the ice beast.
The ice beast is lightly wounded.
The ice beast is struck by your spines. The ice beast hits you.
The ice beast freezes you.
* * * LOW HITPOINT WARNING * * *
You are too injured to fight recklessly!
You are too injured to fight recklessly!
You are too injured to fight recklessly!
You hit the ice beast.
You claw the ice beast, but do no damage.
The ice beast is moderately wounded.
The ice beast hits you.
* * * LOW HITPOINT WARNING * * *
The ice beast freezes you!
* * * LOW HITPOINT WARNING * * *
The ice beast hits you.
* * * LOW HITPOINT WARNING * * *
The ice beast freezes you!
You die...

###.# ##...#
##....##
##......### ..
#.........
...##......#
........Y.#
........@#
.....#.#.####...
. #............
###...#####.#
###.###...#
##......#
#....##.#
)..###..#......
........###.###


You could see an ice beast.

Vanquished Creatures
  Sigmund (D:2)
  A giant frog skeleton (D:7)
  2 hounds
  A worker ant (D:4)
  Jessica (D:2)
  Robin (D:3)
  6 gnolls
  2 adders (D:3)
  2 worms
  2 orcs (D:3)
  3 ball pythons
  8 bats
  3 giant cockroaches
  16 goblins
  11 hobgoblins
  4 jackals (D:3)
  3 quokkas (D:2)
  5 giant geckos
  3 giant newts
  6 kobolds
  3 rats
84 creatures vanquished.

Vanquished Creatures (others)
  2 fungi (D:2)
2 creatures vanquished.

Grand Total: 86 creatures vanquished

Notes
Turn   | Place    | Note
--------------------------------------------------------------
     0 | D:1      | Kloppie the Demonspawn Gladiator began the quest for the Orb.
     0 | D:1      | Reached XP level 1. HP: 16/16 MP: 1/1
   295 | D:1      | Gained mutation: You are partially covered in sharp spines. [demonic ancestry]
   295 | D:1      | Reached XP level 2. HP: 20/22 MP: 2/2
   389 | D:1      | Reached skill level 1 in Armour
   509 | D:1      | Reached skill level 3 in Axes
   790 | D:2      | Noticed Jessica
   793 | D:2      | Killed Jessica
   793 | D:2      | Reached XP level 3. HP: 28/28 MP: 3/3
   975 | D:2      | Found a blossoming altar of Fedhas.
   996 | D:2      | Reached XP level 4. HP: 27/34 MP: 4/4
  1043 | D:2      | Noticed an oklob plant
  1155 | D:2      | Noticed Sigmund
  1182 | D:2      | Killed Sigmund
  1182 | D:2      | Reached skill level 4 in Axes
  1182 | D:2      | Reached XP level 5. HP: 12/42 MP: 5/5
  1586 | D:3      | Gained mutation: You have sharp toenails. [demonic ancestry]
  1586 | D:3      | Reached XP level 6. HP: 45/48 MP: 6/6
  1667 | D:3      | Found a radiant altar of Vehumet.
  1995 | D:3      | Found a shattered altar of Ashenzari.
  1999 | D:3      | Noticed Robin
  2013 | D:3      | Killed Robin
  2221 | D:4      | Found a burning altar of Makhleb.
  2237 | D:4      | Became a worshipper of Makhleb the Destroyer
  2283 | D:4      | You fall through a shaft for 3 floors!
  2298 | D:7      | Mangled by an ice beast

Action                   |  1- 3 |  4- 6 || total
-------------------------+-------+-------++-------
Melee: War axe           |    46 |    95 ||   141
Throw: Throwing net      |       |     3 ||     3
  Eat: Chunk             |       |     4 ||     4
